[Event "Early-Titled-Tuesday-Blitz-April-02-2024"]
[Site "Chess.com"]
[Date "2024.04.02"]
[Round "10"]
[White "Escudito"]
[Black "zurzan"]
[Result "1-0"]
[WhiteElo "2368"]
[BlackElo "2084"]
[TimeControl "180+1"]
[EndTime "9:56:12 PDT"]
[Termination "Escudito won by resignation"]

1. d4 Nf6 2. Nf3 g6 3. c4 Bg7 4.
Nc3 d6 5. e4 O-O 6. Be2 Nbd7 7.
Be3 e5 8. d5 a6 9. O-O Nh5 10.
g3 Ndf6 11. Nd2 Bh3 12. Re1 Qd7 13. f3 Ne8 14. b4 f5 15. c5 f4 16. Bf2 fxg3 17.
hxg3 Bh6 18. Nc4 Nef6 19. Kh2 Nf4 20. gxf4 Bxf4+ 21. Kh1 Nh5 22. Rg1 Kh8 23. Bf1 g5 24. Ne2 Rg8 25. Ng3 Nxg3+ 26. Bxg3 h5 27. Kh2 g4 28. Bxh3 gxh3 29. Bxf4 exf4 30. Qd4+ Kh7 31. e5 Rg3 32. Qxf4 Rxg1 33. Rxg1 dxe5 34. Nxe5 Qe7 35.
Qf5+ Kh8 36. Ng6+ 1-0

[Event "Early-Titled-Tuesday-Blitz-April-02-2024"]
[Site "Chess.com"]
[Date "2024.04.02"]
[Round "10"]
[White "WilsonPalencia21"]
[Black "Misterfox120"]
[Result "0-1"]
[WhiteElo "2555"]
[BlackElo "2416"]
[TimeControl "180+1"]
[EndTime "9:56:13 PDT"]
[Termination "Misterfox120 won on time"]

1. d4 Nf6 2. c4 e6 3. Nf3 Bb4+ 4. Nbd2 b6 5. a3 Be7 6. e4 Bb7 7. Bd3 d6 8. Qc2 Nbd7 9. O-O e5 10. b3 O-O 11. Bb2 exd4 12. Nxd4 Nc5 13. Nf5 g6 14. Ng3 Nfd7 15. b4 Nxd3 16. Qxd3 Bf6 17. Bxf6 Qxf6 18. f4 Rad8 19. Rae1 Rfe8 20. e5 dxe5 21. f5 Qg7 22.
Qe2 e4 23. Ndxe4 Qd4+ 24. Qf2 Qxc4 25. fxg6 fxg6 26. Rc1 Qb3 27. Rc3 Qd5 28. Rxc7 Rf8 29.
Qf5 gxf5 0-1

[Event "Early-Titled-Tuesday-Blitz-April-02-2024"]
[Site "Chess.com"]
[Date "2024.04.02"]
[Round "10"]
[White "Saxar85"]
[Black "viktorskliarov"]
[Result "1-0"]
[WhiteElo "2741"]
[BlackElo "2613"]
[TimeControl "180+1"]
[EndTime "9:56:14 PDT"]
[Termination "Saxar85 won by resignation"]

1. Nf3 c5 2. e4 Nc6 3. Nc3 Nf6 4. Bb5 Nd4 5. e5 Nxb5 6. Nxb5 Nd5 7. O-O a6 8. Nc3 Nxc3 9. dxc3 d5 10. exd6 Qxd6 11.
Qe2 Bg4 12. Rd1 Qe6 13. Be3 Qc6 14. Rd2 Bxf3 15. Qxf3 Qxf3 16. gxf3 e6 17. Rad1 Be7 18.
Rd7 Rd8 19. Rxd8+ Bxd8 20. Bxc5 h5 21. Be3 h4 22. h3 Rh5 23. c4 Rf5 24. Kg2 Bf6 25.
b3 Be7 26. a4 g5 27. Rd4 Bc5 28. Rg4 Bxe3 29. fxe3 f6 30. Kf2 a5 31. f4 Ke7 32.
Ke2 Rc5 33. fxg5 fxg5 34. Rd4 b6 35. Rd1 Rf5 36. Rg1 Kd6 37. e4 Re5 38. Kd3 Ke7 39. Kd4 Rc5 40. e5 Rc8 41. Rxg5 Rd8+ 42. Ke3 Rd1 43. Rg7+ Ke8 44. Rh7 Re1+ 45. Kd4 Rd1+ 46. Kc3 Re1 47. Rxh4 Rxe5 48. Rh7 Re2 49. Rb7 Re3+ 50.
Kd4 Rxh3 51. Rxb6 Ke7 52. Ra6 Rh2 53. Rxa5 Rxc2 54. Rb5 Ra2 55. a5 1-0

[Event "Early-Titled-Tuesday-Blitz-April-02-2024"]
[Site "Chess.com"]
[Date "2024.04.02"]
[Round "10"]
[White "vangulio"]
[Black "FlemingA"]
[Result "1-0"]
[WhiteElo "2565"]
[BlackElo "2455"]
[TimeControl "180+1"]
[EndTime "9:56:17 PDT"]
[Termination "vangulio won by resignation"]

1. e4 e5 2. Nf3 Nc6 3. Bb5 Nge7 4. Nc3 g6 5. d4 exd4 6. Nd5 Bg7 7. Bg5 h6 8. Bf6 Bxf6 9. Nxf6+ Kf8 10. Nxd4 a6 11.
Bc4 Kg7 12. Nd5 Nxd5 13. Bxd5 Re8 14. O-O Nxd4 15. Qxd4+ Qf6 16. Qb4 c6 17. Bb3 a5 18.
Qc5 Rxe4 19. Rae1 d6 20. Qb6 Rb4 21. Qc7 Bf5 22. Re7 d5 23. a3 Re4 24. Rxe4 Bxe4 25. Qxb7 Re8 26. f3 Bf5 27. Qb6 Re2 28. Rf2 Re1+ 29.
Rf1 Rxf1+ 30. Kxf1 Qxb2 31. Qxc6 Qc1+ 32. Ke2 Qf4 33.
Qxd5 Be6 34. Qe4 Qxe4+ 35. fxe4 Bxb3 36. cxb3 Kf6 37. Ke3 Ke5 38. b4 axb4 39. axb4 f5 40. exf5 gxf5 41. g3 1-0

[Event "Early-Titled-Tuesday-Blitz-April-02-2024"]
[Site "Chess.com"]
[Date "2024.04.02"]
[Round "10"]
[White "GolfBeforeChess"]
[Black "NovakRatko"]
[Result "0-1"]
[WhiteElo "2325"]
[BlackElo "2452"]
[TimeControl "180+1"]
[EndTime "9:56:18 PDT"]
[Termination "NovakRatko won by resignation"]

1. Nf3 d5 2. b3 c6 3. g3 f6 4. d4 c5 5. e3 Nc6 6. Bg2 e5 7. dxe5 fxe5 8. O-O e4 9. Nfd2 Qf6 10. c3 Bf5 11.
Bb2 Rd8 12. Qc2 Qg6 13. Re1 Nf6 14. a3 h5 15. Nf1 h4 16. Nbd2 Ne5 17. c4 Nd3 18.
Bxf6 Qxf6 19. cxd5 Nxe1 20. Rxe1 Qe5 21. d6 Bxd6 22. Nc4 Qf6 23. Bxe4 O-O 24. Bxf5 Qxf5 25. Qxf5 Rxf5 26. e4 Rf3 27. Nfe3 hxg3 28. hxg3 b5 29. Nxd6 Rxd6 30. Kg2 Rf7 31. Rc1 Rd2 32. Ng4 Rd3 33.
Ne5 Rxb3 34. Nxf7 Kxf7 35. Rxc5 a6 36. a4 bxa4 37. Ra5 a3 38. Rxa6 g5 39. f3 Ke7 40.
Ra5 Kf6 41. f4 g4 42. Ra6+ Kf7 43. e5 Rb2+ 44. Kf1 a2 0-1

[Event "Early-Titled-Tuesday-Blitz-April-02-2024"]
[Site "Chess.com"]
[Date "2024.04.02"]
[Round "10"]
[White "Zq1"]
[Black "colegiodemadrid"]
[Result "0-1"]
[WhiteElo "2603"]
[BlackElo "2533"]
[TimeControl "180+1"]
[EndTime "9:56:20 PDT"]
[Termination "colegiodemadrid won on time"]

1. d4 Nf6 2. c4 c5 3. Nf3 cxd4 4. Nxd4 Nc6 5. Nc3 e5 6. Ndb5 Bc5 7. Nd6+ Ke7 8. Nf5+ Kf8 9. Be3 Bb4 10. Nd6 Qa5 11. Nxc8 Rxc8 12. Bd2 d5 13. a3 Bxc3 14. Bxc3 Qc5 15. b4 Qxc4 16. Rc1 Qe4 17. f3 Qe3 18. b5 Ne7 19. Qd2 Qxd2+ 20. Kxd2 d4 21. Bb4 Rxc1 22.
Kxc1 Nd5 23. Bd6 f6 24. g3 Kf7 25. Bh3 Rd8 26. Bxe7 Kxe7 27. Kd2 Nc3 28. a4 Rd5 29. Ra1 Rc5 30. Kd3 Nd5 31. Ra3 Rc3+ 32. Rxc3 Nxc3 33. e3 Nxa4 34. exd4 exd4 35. Kxd4 Kd6 36.
Bc8 b6 37. f4 Nc5 38. h4 g6 0-1

[Event "Early-Titled-Tuesday-Blitz-April-02-2024"]
[Site "Chess.com"]
[Date "2024.04.02"]
[Round "10"]
[White "Aleksandar-Topalov"]
[Black "ricaurtelopezj1955"]
[Result "1-0"]
[WhiteElo "2337"]
[BlackElo "2161"]
[TimeControl "180+1"]
[EndTime "9:56:20 PDT"]
[Termination "Aleksandar-Topalov won on time"]

1. b3 e5 2. Bb2 Nc6 3. e3 a6 4. c4 Nf6 5. Nf3 e4 6. Nd4 Bc5 7. Be2 O-O 8. O-O Re8 9. f4 d5 10. Nxc6 bxc6 11. cxd5 cxd5 12. Qc2 Bb6 13. Nc3 d4 14. exd4 Qxd4+ 15. Kh1 Bg4 16. Na4 Qd6 17. Nxb6 cxb6 18. Bxf6 Bxe2 19. Be5 Qg6 20. Rfe1 Rac8 21. Qb2 Bd3 22. Rac1 f6 23. Bd4 b5 24. Rc3 Qg4 25.
Be3 b4 26. Rxc8 Rxc8 27. Qd4 h5 28. Qxb4 Rc2 29. a4 h4 30. h3 Qg3 31. Rg1 Kh7 32. Qb7 Rb2 33. b4 a5 34. b5 Rb4 35. b6 Rxa4 36. Qa7 Rb4 37. b7 1-0

[Event "Early-Titled-Tuesday-Blitz-April-02-2024"]
[Site "Chess.com"]
[Date "2024.04.02"]
[Round "10"]
[White "BestestBP"]
[Black "Blackwhite017"]
[Result "1-0"]
[WhiteElo "2210"]
[BlackElo "2082"]
[TimeControl "180+1"]
[EndTime "9:56:20 PDT"]
[Termination "BestestBP won on time"]

1. c4 e6 2. d4 d5 3. Nf3 a6 4. g3 dxc4 5. Bg2 c5 6. Qc2 cxd4 7.
Qxc4 Nc6 8. O-O Nf6 9. Rd1 Qb6 10. Nxd4 Nxd4 11. Qxd4 Bc5 12. Qf4 O-O 13. Nc3 Bd7 14. b3 Rac8 15. Bb2 e5 16. Qxe5 Bxf2+ 17. Kh1 Bc6 18.
Nd5 Bxd5 19. Bxd5 Rce8 20. Qg5 Rxe2 21. Bxf6 Qxf6 22. Qxf6 gxf6 23. Bxb7 a5 24. Bf3 Rc2 25. Rd5 a4 26. bxa4 Rb8 27. Be4 Re2 28. Bd3 Re3 29. Rf1 Rb2 30. a5 Rd2 31. Bxh7+ Kxh7 32. Rxd2 1-0

[Event "Early-Titled-Tuesday-Blitz-April-02-2024"]
[Site "Chess.com"]
[Date "2024.04.02"]
[Round "10"]
[White "KNVB"]
[Black "vladgoncharov"]
[Result "1-0"]
[WhiteElo "2776"]
[BlackElo "2576"]
[TimeControl "180+1"]
[EndTime "9:56:21 PDT"]
[Termination "KNVB won on time"]

1. e4 e6 2. c3 d5 3. Nf3 c5 4.
e5 Nc6 5. Bb5 Bd7 6. Qe2 Nge7 7.
O-O Qc7 8. Re1 Ng6 9. d4 Be7 10.
Be3 c4 11. Bxc6 bxc6 12. Nbd2 O-O 13. b3 cxb3 14. Nxb3 f6 15. exf6 Bxf6 16. Bg5 Rae8 17. Nc5 Bc8 18. Nd3 Ba6 19. Qe3 Bxd3 20. Qxd3 c5 21.
Bxf6 Rxf6 22. g3 Ref8 23. Re3 cxd4 24. cxd4 Ne7 25. Rae1 Qd6 26. h4 Nf5 27. Re5 h6 28. Nh2 h5 29. R1e2 Nh6 30. Kg2 Ng4 31. Nxg4 hxg4 32.
Rg5 Rf3 33. Qg6 1-0

[Event "Early-Titled-Tuesday-Blitz-April-02-2024"]
[Site "Chess.com"]
[Date "2024.04.02"]
[Round "10"]
[White "SteinerPro12"]
[Black "Tol_Tol"]
[Result "1-0"]
[WhiteElo "2240"]
[BlackElo "2273"]
[TimeControl "180+1"]
[EndTime "9:56:21 PDT"]
[Termination "SteinerPro12 won on time"]

1. e4 c5 2. a3 e5 3. Bc4 Nf6 4. d3 Be7 5. Nc3 O-O 6. Nge2 a6 7. O-O b5 8. Ba2 Bb7 9. f4 d6 10. Ng3 Nc6 11. Nd5 exf4 12. Bxf4 Nd7 13. Nf5 Nde5 14. Qd2 Re8 15. h3 Kh8 16. Rf2 Bf8 17. Raf1 f6 18. Be3 Ne7 19. Nfxe7 Bxe7 20. Qe2 Bf8 21. Qh5 Bc8 22. Rf4 g6 23. Qe2 f5 24. exf5 Bxf5 25. Qf2 Bg7 26. Bd2 Nc6 27. Ne3 Nd4 28. g4 Be6 29.
Bxe6 Nxe6 30. Rf7 Ng5 31. Rf3 Nxf3+ 32. Qxf3 Rf8 33. Qd5 Rxf1+ 34. Nxf1 Ra7 35. Ng3 Re7 36. Ne4 Be5 37. Bg5 1-0

[Event "Early-Titled-Tuesday-Blitz-April-02-2024"]
[Site "Chess.com"]
[Date "2024.04.02"]
[Round "10"]
[White "Alen_Yeremyann"]
[Black "Vahe_Danielyan"]
[Result "1-0"]
[WhiteElo "2838"]
[BlackElo "2645"]
[TimeControl "180+1"]
[EndTime "9:56:23 PDT"]
[Termination "Alen_Yeremyann won by resignation"]

1. e4 c6 2. Nc3 d5 3. Qe2 d4 4.
Nd1 c5 5. d3 Nc6 6. f4 e5 7. Nf3 Bd6 8. f5 f6 9. g4 Qc7 10. c4 Bd7 11. Bg2 Nge7 12. O-O O-O-O 13. a3 g5 14. Nf2 h5 15. h3 hxg4 16. Nxg4 Ng8 17.
Bd2 Be8 18. b4 Bh5 19. Rfb1 Bxg4 20. hxg4 Qh7 21. Qf2 Nh6 22. Qg3 Qe7 23. bxc5 Bxc5 24. Rb3 Kc7 25. Kf2 Rb8 26. Ke2 Nf7 27. Qe1 Nd6 28.
a4 b6 29. Rb5 Qf7 30. Qc1 a6 31. Rb3 Rb7 32. Qb2 Rhb8 33. Qc2 Qg8 34. Rbb1 a5 35. Rh1 Nb4 36. Bxb4 axb4 37. Rh6 Qg7 38. Rah1 Kc6 39. Rg6 Qf7 40. Rhh6 Qe7 41. Rxf6 Ra8 42. Re6 Qd8 43. Nxe5+ Kc7 44. Nf3 Kc8 45. Nd2 Nf7 46. Rh7 Qc7 47.
e5 Raa7 48. Bxb7+ Rxb7 49. Ne4 b3 50. Qxb3 Qd7 51. Qb5 Qd8 52. Re8 1-0

[Event "Early-Titled-Tuesday-Blitz-April-02-2024"]
[Site "Chess.com"]
[Date "2024.04.02"]
[Round "10"]
[White "ViIIagra"]
[Black "Witik"]
[Result "1-0"]
[WhiteElo "2908"]
[BlackElo "2794"]
[TimeControl "180+1"]
[EndTime "9:56:27 PDT"]
[Termination "ViIIagra won on time"]

1. e4 e5 2. Nc3 Nf6 3. Nge2 Nc6 4. g3 h5 5. h3 Bc5 6. Bg2 Nd4 7. d3 c6 8. a3 b5 9. Bg5 d6 10. Qd2 Ne6 11. Be3 Qb6 12. Bxc5 dxc5 13. f4 h4 14. g4 Bb7 15. fxe5 Nd7 16. Nf4 Nd4 17. Nce2 Nxe5 18. Nxd4 cxd4 19. O-O O-O-O 20. Nh5 Rdg8 21. Qg5 f6 22. Qxh4 c5 23. Qg3 Kb8 24. Nf4 Ka8 25.
Nd5 Bxd5 26. exd5 Qd6 27. Rae1 a6 28. Re2 Ka7 29. Rfe1 Re8 30. c3 Re7 31. cxd4 cxd4 32. Qf2 Qb6 33. Rc2 Rhe8 34. Rd1 Kb8 35. Be4 g6 36.
Rdc1 f5 37. Rc6 Nxc6 38. Rxc6 Qa5 39. d6 Rxe4 40. dxe4 Rxe4 41. d7 1-0

[Event "Early-Titled-Tuesday-Blitz-April-02-2024"]
[Site "Chess.com"]
[Date "2024.04.02"]
[Round "10"]
[White "viktorgen2021"]
[Black "WiktoriaPOL"]
[Result "1-0"]
[WhiteElo "2499"]
[BlackElo "2339"]
[TimeControl "180+1"]
[EndTime "9:56:27 PDT"]
[Termination "viktorgen2021 won by checkmate"]

1. d4 Nf6 2. Nf3 g6 3. g3 Bg7 4. Bg2 O-O 5. O-O d6 6. a4 Nbd7 7. Nc3 e5 8. e4 c6 9. a5 Qe7 10.
Re1 h6 11. a6 b6 12. b3 Qd8 13.
dxe5 dxe5 14. Qd6 Nb8 15. Rd1 Qxd6 16. Rxd6 Bxa6 17. Bxh6 Bxh6 18. Rxf6 Rd8 19. Nxe5 Bg7 20. Nxc6 Rd7 21. e5 Bxf6 22. exf6 Bb7 23. Ne7+ Kf8 24. Bxb7 Rxb7 25. Ncd5 Nd7 26. Nc6 Rc8 27. Nd4 Rc5 28. c4 a5 29. Re1 b5 30. Re7 bxc4 31. bxc4 Rxc4 32. Ne6+ fxe6 33. Nf4 Rc1+ 34. Kg2 Rbb1 35. Nxg6+ Kg8 36. Rg7# 1-0

[Event "Early-Titled-Tuesday-Blitz-April-02-2024"]
[Site "Chess.com"]
[Date "2024.04.02"]
[Round "10"]
[White "kritipatel"]
[Black "PonyQueen07"]
[Result "0-1"]
[WhiteElo "2219"]
[BlackElo "2204"]
[TimeControl "180+1"]
[EndTime "9:56:27 PDT"]
[Termination "PonyQueen07 won by checkmate"]

1. e4 c5 2. d4 cxd4 3. c3 dxc3 4. Nxc3 Nc6 5. Nf3 e6 6. Bc4 Bb4 7. O-O Nge7 8. Qe2 Bxc3 9. bxc3 O-O 10. Rd1 d5 11.
exd5 exd5 12. Ba3 Be6 13. Ng5 Qc8 14. Bxd5 Nxd5 15. Bxf8 Kxf8 16. Qf3 Nf6 17. Rd6 h6 18. Nxe6+ fxe6 19. Re1 Nd8 20. h3 Qc7 21. Red1 Nf7 22. Rxe6 Ng5 23. Rxf6+ gxf6 24. Qxf6+ Nf7 25. Rd3 Qe5 26.
Qf3 Qe1+ 27. Kh2 Qe5+ 28. g3 Qe7 29. Qf5 Rd8 30. Re3 Qg5 31. Qf3 Re8 32. Rd3 Kg7 33.
Qxb7 Re7 34. Qf3 Ne5 35. Qe2 Nxd3 36. Qxd3 Qe5 37. c4 Qe4 38. Qc3+ Qe5 39. Qb4 Qf6 40. c5 Re2 41. Qf4 Qxf4 42. gxf4 Rxf2+ 43. Kg3 Rxa2 44. c6 Rc2 45. c7 Rxc7 46. Kg4 a5 47. Kh5 a4 48. h4 a3 49. f5 a2 50. f6+ Kxf6 51.
Kxh6 a1=Q 52. h5 Qc1# 0-1

[Event "Early-Titled-Tuesday-Blitz-April-02-2024"]
[Site "Chess.com"]
[Date "2024.04.02"]
[Round "10"]
[White "Mariia89"]
[Black "Janh4"]
[Result "1-0"]
[WhiteElo "2279"]
[BlackElo "2162"]
[TimeControl "180+1"]
[EndTime "9:56:28 PDT"]
[Termination "Mariia89 won on time"]

1. d4 d5 2. c4 Nc6 3. Nc3 Nf6 4. Nf3 Bg4 5. e3 e6 6. Be2 Bb4 7. O-O O-O 8. h3 Bh5 9. Bd2 Re8 10. a3 Bxc3 11.
Bxc3 Ne4 12. Rc1 dxc4 13. Bxc4 a6 14. Bd3 Ng5 15. Be2 Ne4 16. Qc2 Qd5 17. b3 Nxc3 18.
Qxc3 Rac8 19. Bc4 Qd6 20. Bxa6 bxa6 21. Qxc6 Bxf3 22. Qxd6 cxd6 23. gxf3 Kf8 24. b4 Ke7 25. Rfd1 d5 26. Kf1 Kd6 27. Ke2 e5 28. dxe5+ Kxe5 29. f4+ Kd6 30. Rxc8 Rxc8 31. e4 Rc2+ 32. Kf1 Ke6 33.
Rxd5 Rc3 34. Ra5 Rc6 35. Ke2 g6 36. Kd3 f6 37. f3 Rb6 38. Rc5 Rd6+ 39. Ke3 Rb6 40.
h4 h5 41. Rc8 Kf7 42. Rc7+ 1-0

[Event "Early-Titled-Tuesday-Blitz-April-02-2024"]
[Site "Chess.com"]
[Date "2024.04.02"]
[Round "10"]
[White "MaestroCheck"]
[Black "Zkid"]
[Result "0-1"]
[WhiteElo "2558"]
[BlackElo "2869"]
[TimeControl "180+1"]
[EndTime "9:56:31 PDT"]
[Termination "Zkid won by resignation"]

1. e4 c5 2. Nc3 Nc6 3. Bb5 Nd4 4. Nf3 a6 5. Bd3 g6 6. O-O Bg7 7. Re1 d6 8. Nxd4 cxd4 9. Ne2 e5 10. c3 dxc3 11.
dxc3 Ne7 12. Be3 d5 13. exd5 Qxd5 14. c4 Qc6 15. Qc2 f5 16. Bg5 Bf6 17. Bxf6 Qxf6 18.
Nc3 O-O 19. Rad1 Be6 20. b3 Rad8 21. Bf1 Nc6 22. Qe2 Rxd1 23. Rxd1 Rd8 24. g3 e4 25. Rxd8+ Qxd8 26. Qe3 Qd4 27. Be2 Qxe3 28. fxe3 Kf7 29. Kf2 Kf6 30. h4 Ke5 31. Ke1 h6 32. Kd2 Bf7 33. Na4 Kd6 34. Kc3 g5 35. hxg5 hxg5 36. Bd1 b5 37. cxb5 axb5 38. Nb2 b4+ 39. Kd2 Ne5 40. Be2 Kc5 41. Na4+ Kc6 42. Nb2 Bd5 43. Na4 Nd7 44. Nb2 Nf8 45. Nc4 Bxc4 46. Bxc4 Ng6 47. Be6 Ne7 48. Kc2 Kd6 49. Bc4 Nd5 50. Bxd5 Kxd5 51.
Kd2 Ke5 52. Ke2 f4 53. gxf4+ gxf4 54. exf4+ Kxf4 55. Kf2 e3+ 56. Ke2 Ke4 57. Ke1 Kd3 58.
Kd1 e2+ 59. Ke1 Ke3 60. a4 bxa3 0-1

[Event "Early-Titled-Tuesday-Blitz-April-02-2024"]
[Site "Chess.com"]
[Date "2024.04.02"]
[Round "10"]
[White "PIwan"]
[Black "Maxfan2008"]
[Result "0-1"]
[WhiteElo "2453"]
[BlackElo "2590"]
[TimeControl "180+1"]
[EndTime "9:56:31 PDT"]
[Termination "Maxfan2008 won on time"]

1. c4 c6 2. e4 d5 3. exd5 cxd5 4. cxd5 Nf6 5. Nc3 Nxd5 6. Nf3 Nc6 7. d4 Bg4 8. Qb3 Bxf3 9. gxf3 e6 10. Qxb7 Nxd4 11. Bb5+ Nxb5 12. Qc6+ Ke7 13. Nxb5 Rc8 14. Nxa7 Rc7 15.
Qa4 Qa8 16. Qh4+ f6 17. Nb5 Qa5+ 18. Nc3 Nxc3 19. bxc3 Qxc3+ 20. Ke2 Kf7 21. Bd2 Qe5+ 22. Qe4 Qb5+ 23. Qd3 Qxd3+ 24. Kxd3 Bc5 25. Rhc1 Rd8+ 26.
Ke2 Rcd7 27. Ba5 Rc8 28. Rc2 Rd5 29. Rac1 Ra8 30. Rxc5 Rxa5 31. Rxd5 exd5 32. Rc2 Ra3 33. Kd1 Rxf3 34. Kc1 Ke6 35. Kb2 d4 36. a4 Kd5 37.
a5 d3 38. Rc8 Rxf2+ 39. Kb3 d2 40. Rd8+ Kc5 41. Kc3 Rxh2 0-1

[Event "Early-Titled-Tuesday-Blitz-April-02-2024"]
[Site "Chess.com"]
[Date "2024.04.02"]
[Round "10"]
[White "guillembaches"]
[Black "ExchangeAB"]
[Result "1-0"]
[WhiteElo "2566"]
[BlackElo "2476"]
[TimeControl "180+1"]
[EndTime "9:56:31 PDT"]
[Termination "guillembaches won by checkmate"]

1. d4 d5 2. Nf3 Nf6 3. c4 c6 4.
cxd5 cxd5 5. Nc3 Nc6 6. Bf4 Bf5 7. e3 e6 8. Bb5 Qb6 9. Qb3 Bb4 10. Qxb4 Nd7 11. Qa4 O-O 12. O-O f6 13. Rac1 h5 14. Bd6 Rfc8 15. Ba3 g5 16. Nd2 Kg7 17. Qd1 Kg6 18.
Qe2 h4 19. Nb3 g4 20. Bxc6 bxc6 21. Nc5 Nf8 22. e4 dxe4 23. N3xe4 Rd8 24. Rfd1 Nh7 25. Qe3 Rab8 26. b3 Qc7 27. Na6 Qa5 28. Nxb8 Rxb8 29. Bd6 Rd8 30. Bc5 Qc7 31. Re1 Qd7 32. Nd6 Ng5 33.
Nxf5 exf5 34. Ba3 Qd5 35. Rc5 Qd7 36. Bc1 h3 37. Qd3 Ne4 38. Rxe4 fxe4 39. Qxe4+ f5 40. Qe3 Re8 41. Qd2 Qxd4 42. Rxc6+ Kf7 43. Rc7+ Kg8 44. Qg5+ Kf8 45. Qh6+ Kg8 46. Qh7+ Kf8 47. Qf7# 1-0

[Event "Early-Titled-Tuesday-Blitz-April-02-2024"]
[Site "Chess.com"]
[Date "2024.04.02"]
[Round "10"]
[White "Sasha_Solovev_777"]
[Black "Dewarfd"]
[Result "1-0"]
[WhiteElo "2232"]
[BlackElo "2120"]
[TimeControl "180+1"]
[EndTime "9:56:32 PDT"]
[Termination "Sasha_Solovev_777 won on time"]

1. e4 c5 2. Nf3 g6 3. c3 Bg7 4. Bd3 d5 5. Bb5+ Bd7 6. Bxd7+ Qxd7 7.
e5 Nc6 8. d4 cxd4 9. cxd4 Nh6 10. Nbd2 O-O 11. O-O a5 12. Nb3 b6 13. Be3 Nf5 14.
Rc1 Rfc8 15. Qe2 e6 16. Qb5 Nxe5 17. Rxc8+ Rxc8 18. Qxb6 Nxf3+ 19. gxf3 Nxe3 20. fxe3 Rc2 21. Rf2 Rxf2 22. Kxf2 a4 23. Nc5 Qe7 24. Qb8+ Bf8 25. Nxa4 Qh4+ 26. Qg3 Qd8 27. Kg2 Qa5 28. b3 h5 29. Qf2 Be7 30. Qc2 Kg7 31. Nc5 Qe1 32.
Nd3 Qxe3 33. Nf2 Qxd4 34. a4 h4 35. a5 Bb4 36. a6 Be1 37. Nd3 Ba5 38. Nf2 Bb6 39.
Qe2 Qa1 40. Kh3 1-0

[Event "Early-Titled-Tuesday-Blitz-April-02-2024"]
[Site "Chess.com"]
[Date "2024.04.02"]
[Round "10"]
[White "bazar-wokzal"]
[Black "David_ATM"]
[Result "0-1"]
[WhiteElo "2544"]
[BlackElo "2443"]
[TimeControl "180+1"]
[EndTime "9:56:34 PDT"]
[Termination "David_ATM won on time"]

1. e4 e5 2. Bc4 Nc6 3. f4 d6 4. Nf3 Nf6 5. Nc3 Bg4 6. O-O Nd4 7.
fxe5 Bxf3 8. gxf3 dxe5 9. Kh1 c6 10. a4 Nh5 11. d3 Bd6 12. Ne2 Qh4 13. Nxd4 exd4 14. e5 Ng3+ 15. Kg2 Nxf1 16. Qxf1 Bxe5 17. f4 Qg4+ 18. Kh1 Bf6 19. Bd2 O-O 20. Re1 Rfe8 21.
Re4 Rxe4 22. dxe4 Re8 23. e5 Bh4 24. Bb4 Be7 25. Be1 Bh4 26. Bb4 b6 27. Be2 Qf5 28.
Bd3 Qg4 29. Be2 Qe6 30. Qf3 Qd5 31. Qxd5 cxd5 32. Kg2 f6 33. Bd6 fxe5 34. fxe5 Kf7 35. Bf3 Be7 36. Bxd5+ Kf8 0-1

[Event "Early-Titled-Tuesday-Blitz-April-02-2024"]
[Site "Chess.com"]
[Date "2024.04.02"]
[Round "10"]
[White "microbear"]
[Black "Kate1606"]
[Result "1-0"]
[WhiteElo "2362"]
[BlackElo "2130"]
[TimeControl "180+1"]
[EndTime "9:56:35 PDT"]
[Termination "microbear won on time"]

1. e4 Nf6 2. e5 Nd5 3. d4 d6 4. c4 Nb6 5. exd6 cxd6 6. Nf3 g6 7. Nc3 Bg7 8. Be2 O-O 9. Be3 Bg4 10. b3 d5 11. c5 Nc8 12. b4 a6 13. h3 Bxf3 14.
Bxf3 e6 15. a4 Ne7 16. Qd2 Nbc6 17. b5 Na5 18. O-O Nb3 19. Qb2 Nxa1 20. Rxa1 axb5 21. axb5 Rxa1+ 22. Qxa1 Qa8 23. Qb2 Nf5 24. Ne2 Qa4 25.
g4 Nxe3 26. fxe3 Bh6 27. Kf2 Ra8 28. e4 Qa3 29. Qxa3 Rxa3 30. exd5 exd5 31. Bxd5 Ra5 32. c6 bxc6 33. bxc6 Ra7 34. Kf3 Kf8 35. Ke4 Ke7 36. Nc3 Kd8 37. Nb5 Ra5 38. Nd6 Kc7 39. Nxf7 Bf8 40. Ng5 Be7 41. Nxh7 Ra3 42. h4 Bxh4 43. Nf8 1-0

[Event "Early-Titled-Tuesday-Blitz-April-02-2024"]
[Site "Chess.com"]
[Date "2024.04.02"]
[Round "10"]
[White "frequentblunders"]
[Black "EvgenyBurmakin"]
[Result "0-1"]
[WhiteElo "2226"]
[BlackElo "2362"]
[TimeControl "180+1"]
[EndTime "9:56:36 PDT"]
[Termination "EvgenyBurmakin won on time"]

1. e4 c5 2. Nc3 Nc6 3. f4 g6 4.
Nf3 Bg7 5. Bc4 a6 6. a4 e6 7. O-O Nge7 8. d3 O-O 9. Ba2 b6 10. Bd2 Bb7 11. h3 d5 12. Qe2 Nd4 13. Nxd4 cxd4 14.
Nd1 Rc8 15. Rc1 Qd7 16. Bb4 Rfe8 17. Bb3 Nc6 18. Ba3 Na5 19. Nf2 Nxb3 20. cxb3 Rxc1 21. Rxc1 Rc8 22. Rxc8+ Qxc8 23. e5 Qc1+ 24. Nd1 Qxf4 25. Bd6 Qc1 26. Kh2 h5 27. Nf2 Bh6 28.
g4 Bf4+ 29. Kg2 h4 30. Nd1 Qd2 31. Kf3 Qxe2+ 32. Kxe2 f6 33. Bc7 b5 34. a5 Bxe5 35. Bxe5 fxe5 36. b4 Kf7 37. Nf2 Kf6 38. Kf3 Kg5 0-1

[Event "Early-Titled-Tuesday-Blitz-April-02-2024"]
[Site "Chess.com"]
[Date "2024.04.02"]
[Round "10"]
[White "Mikhail_Golubev"]
[Black "Aisen1011"]
[Result "0-1"]
[WhiteElo "2603"]
[BlackElo "2510"]
[TimeControl "180+1"]
[EndTime "9:56:37 PDT"]
[Termination "Aisen1011 won on time"]

1. e4 d5 2. exd5 Qxd5 3. Nf3 Bg4 4. Be2 Nc6 5. d4 Nf6 6. c4 Qd7 7. Be3 O-O-O 8. d5 Bxf3 9. gxf3 Ne5 10. Qd4 Nc6 11. Qc3 Nb8 12. Na3 a6 13. O-O-O e6 14. dxe6 Qxe6 15. Rxd8+ Kxd8 16. Rd1+ Kc8 17. Nc2 Nc6 18.
Nd4 Nxd4 19. Qxd4 Bd6 20. Qa7 c6 21. Qa8+ Bb8 22. Bf4 Nd7 23. Rxd7 Kxd7 24. Qxb7+ Ke8 25. Qxb8+ Ke7 26. Qxh8 Qxe2 27. Qxg7 Qf1+ 28. Kd2 Qxf2+ 29. Kc1 Qe1+ 30. Kc2 Qe2+ 31. Kb3 Qxf3+ 32. Kb4 Qxf4 33. Qxh7 Qd6+ 34. Kb3 Qd3+ 35. Kb4 Qxh7 0-1

[Event "Early-Titled-Tuesday-Blitz-April-02-2024"]
[Site "Chess.com"]
[Date "2024.04.02"]
[Round "10"]
[White "JimDiGrease"]
[Black "ChessQueen"]
[Result "0-1"]
[WhiteElo "2942"]
[BlackElo "2743"]
[TimeControl "180+1"]
[EndTime "9:56:38 PDT"]
[Termination "ChessQueen won on time"]

1. d4 f5 2. Qd3 d6 3. g4 fxg4 4.
h3 g3 5. fxg3 Nc6 6. Bg2 Nf6 7.
Nf3 e5 8. Nc3 exd4 9. Nxd4 Ne5 10. Qd1 Be7 11. O-O O-O 12. Bf4 c6 13. Kh1 Nh5 14. e3 Qe8 15. Kh2 Bd7 16. Ne4 Nc4 17. b3 Nxf4 18. bxc4 Nxg2 19. Kxg2 Qg6 20. Qd3 c5 21.
Ne2 Bc6 22. Nc3 Bf6 23. Kh2 Be5 24.
Rae1 Rxf1 25. Rxf1 Re8 26. Nd5 Qxe4 27. Qxe4 Bxg3+ 28.
Kxg3 Rxe4 29. Nf4 Rxe3+ 30. Kh2 Re4 31. Rf2 Rxc4 32. Ne6 h6 33. Rf8+ Kh7 34. Rf7 Rxc2+ 35. Kg3 Kg6 36. Rf8 Rc3+ 37. Kh4 Rf3 38. Nf4+ Kh7 39.
Kg4 Rf1 40. Rd8 c4 41. Ne6 Kg6 42. Nf8+ Kf7 43. Nh7 Ke7 44. Rg8 c3 45. Rxg7+ Rf7 0-1

[Event "Early-Titled-Tuesday-Blitz-April-02-2024"]
[Site "Chess.com"]
[Date "2024.04.02"]
[Round "10"]
[White "CSB7"]
[Black "RuperezA"]
[Result "0-1"]
[WhiteElo "2765"]
[BlackElo "2569"]
[TimeControl "180+1"]
[EndTime "9:56:38 PDT"]
[Termination "RuperezA won by resignation"]

1. e4 e6 2. d4 d5 3. Nd2 Nf6 4.
e5 Nfd7 5. c3 c5 6. f4 Nc6 7.
Ndf3 cxd4 8. cxd4 f5 9. Bd3 Be7 10. Ne2 O-O 11. Rg1 Nb6 12. g4 Bd7 13. a3 Be8 14.
gxf5 exf5 15. Ng3 Bg6 16. b3 a5 17.
Ra2 a4 18. b4 Bh4 19. Kf1 Rc8 20. Rag2 Kh8 21. Be3 Na7 22. Bf2 Rc3 23. Qd2 Rxa3 24.
Nxf5 Bxf2 25. Rxg6 Bxg1 26. Rxg1 Nc4 27. Bxc4 Rxf3+ 28. Ke2 dxc4 29. Kxf3 Rxf5 30. d5 Nc6 31. Ke4 Ne7 32. d6 c3 33. dxe7 Qxe7 34. Qd6 Qf7 35. Qd8+ Qf8 36. Qxf8+ Rxf8 37. e6 Kg8 38. Ke5 Rc8 39.
Kd6 c2 40. Kd7 c1=Q 41. Rxc1 Rxc1 42. e7 Re1 43. Kc7 Rxe7+ 0-1